 Dungeon Crawl Stone Soup version 0.19-a0-1540-g35a11b8 (webtiles) character file.

166 Arkorax the Twirler (level 5, -7/41 HPs)
             Began as a Demonspawn Gladiator on Sept 14, 2016.
             Mangled by an ogre
             ... wielding a +0 giant spiked club
              (24 damage)
             ... on level 4 of the Dungeon.
             The game lasted 00:04:01 (2700 turns).

Arkorax the Twirler (Demonspawn Gladiator)          Turns: 2700, Time: 00:04:01

Health: -7/41      AC: 11    Str: 16    XL:     5   Next: 22%
Magic:  14/14      EV:  8    Int: 10    God:
Gold:   215        SH:  0    Dex: 13    Spells: 0 memorised, 4 levels left

rFire  . . .     SeeInvis .     a - +0 quarterstaff
rCold  . . .     Gourm    .     w - +0 chain mail
rNeg   . . .     Faith    .     (shield currently unavailable)
rPois  .         Spirit   .     c - +0 helmet
rElec  .         Dismiss  .     (no cloak)
rCorr  .         Reflect  .     (no gloves)
MR     .....     Harm     .     (no boots)
Stlth  ..........               (no amulet)
                                t - ring of magical power
                                e - ring of loudness (curse)

@: no status effects
A: hooves 1, yellow scales 1
a: no special abilities


You were on level 4 of the Dungeon.
You were not hungry.

You visited 1 branch of the dungeon, and saw 4 of its levels.

You collected 215 gold pieces.

Inventory:

Hand Weapons
 a - a +0 quarterstaff (weapon)
Missiles
 Y - 3 throwing nets (quivered)
Armour
 b - a +0 leather armour
 c - a +0 helmet (worn)
 w - a +0 chain mail (worn)
Jewellery
 e - a cursed ring of loudness (left hand)
 t - a ring of magical power (right hand)
Wands
 r - a wand of flame (39/48)
Scrolls
 h - a scroll of identify {unknown}
 i - a scroll of immolation {unknown}
 j - a scroll of random uselessness {unknown}
 k - 3 scrolls of fog {unknown}
 n - a scroll of magic mapping {unknown}
 p - 3 scrolls of teleportation {unknown}
 q - a scroll of amnesia {unknown}
 u - 2 scrolls of remove curse {unknown}
 y - a scroll of fear {unknown}
Potions
 d - 3 potions of cure mutation {unknown}
 l - a potion of heal wounds {unknown}
 o - a potion of flight {unknown}
 s - a potion of agility {unknown}
Comestibles
 f - 2 bread rations {!e}
 g - a beef jerky
 m - 2 meat rations {!e}
 v - a slice of pizza
 x - 3 chunks of flesh


   Skills:
 + Level 3.4 Fighting
 + Level 3.9 Staves
 - Level 1.7 Throwing
 + Level 0.5 Armour
 - Level 3.6 Dodging


You had 4 spell levels left.
You didn't know any spells.

Dungeon Overview and Level Annotations

Branches:
Dungeon (4/15)
 Temple: D:4-7

Altars:

Annotations:
D:3 kuniqs's ghost, weakling VSFi


Innate Abilities, Weirdness & Mutations

You have large cloven feet.
You are partially covered in yellow scales. (AC +2)


Message History

Items here: ))) [[[ ÷÷ † There isn't anything here!
There isn't anything here!
Things that are here:
a trident; a leather armour There isn't anything to butcher here.
You start resting.
HP restored.
Items here: ))) [[[ ÷÷ † Kuniqs's ghost is nearby!
Kuniqs's ghost is nearby!
Kuniqs's ghost turns its malevolent gaze towards you.
You enter a teleport trap!
The teleport trap disappears.
Your surroundings suddenly seem different.
(D) Dungeon
Where to? (Enter - D:3, ? - help)
There is a stone staircase leading down here.
You climb downwards.
Found 9 gold pieces.
There is a stone staircase leading up here.
You now have 215 gold pieces (gained 9).
Some of the chunks of flesh in your inventory have rotted away.
A giant cockroach comes into view.
A giant cockroach is nearby!
A giant cockroach is nearby!
A giant cockroach is nearby!
The giant cockroach closely misses you.
You sock the giant cockroach!
You kill the giant cockroach!
No target in view!
No target in view!
No target in view!
y - a scroll labeled KEULOS TAMEWN An ogre comes into view.
It is wielding a giant spiked club.
The ogre shouts!
Found 11 arrows, a scroll labeled ANOC LEAHU and 5 bolts.
An ogre is nearby!
The ogre hits you with a giant spiked club!!
Ouch! That really hurt!
* * * LOW HITPOINT WARNING * * *
You see here 11 arrows.
Damage: 24 (max 24)
An ogre is nearby!
You hit the ogre.
The ogre is lightly wounded.
You hit the ogre. You kick the ogre, but do no damage.
The ogre is lightly wounded.
The ogre hits you with a giant spiked club!!
Ouch! That really hurt!
You die...

#.....(...# #.........#
##.........## ####
...$........ ...
#.........# #.#
#.........# ####.#
##.........# #..<.#
...........#######.#.###
.......@#..†............
.......O#........#.#....
........#........#.##...
.?......#........#......
........#........####.##
#########........# #...
#........# #.##
########## #.## #...


You could see an ogre.

Vanquished Creatures
  Jessica (D:3)
  Terence (D:3)
  Natasha (D:2)
  An orc wizard (D:3)
  3 worms
  3 giant geckos
  4 orcs (D:3)
  9 bats
  2 giant cockroaches
  5 goblins
  2 hobgoblins
  7 jackals
  A kobold (D:2)
  5 giant newts
  6 rats
51 creatures vanquished.

Notes
Turn   | Place    | Note
-------+----------+-------------------------------------------
     0 | D:1      | Arkorax the Demonspawn Gladiator began the quest for the Orb.
     0 | D:1      | Reached XP level 1. HP: 16/16 MP: 1/1
   181 | D:1      | Reached skill level 3 in Staves
   181 | D:1      | Gained mutation: You are partially covered in yellow scales. (AC +2) [demonic ancestry]
   181 | D:1      | Reached XP level 2. HP: 19/22 MP: 2/2
   419 | D:1      | Reached skill level 3 in Dodging
   922 | D:2      | Reached XP level 3. HP: 26/27 MP: 3/3
  1067 | D:2      | Noticed Natasha
  1074 | D:2      | Killed Natasha
  1456 | D:3      | Gained mutation: You have large cloven feet. [demonic ancestry]
  1456 | D:3      | Reached XP level 4. HP: 32/34 MP: 4/4
  1513 | D:3      | P0WERM0DE: muts?
  1517 | D:3      | Arkorax: eh
  1517 | D:3      | Arkorax: bad
  1517 | D:3      | P0WERM0DE: k
  1629 | D:3      | Reached skill level 3 in Fighting
  1639 | D:3      | Noticed Jessica
  1647 | D:3      | Killed Jessica
  1864 | D:3      | Noticed Terence
  1885 | D:3      | HP: 9/35 [Terence/flail (4)]
  1886 | D:3      | Killed Terence
  2135 | D:3      | Noticed kuniqs's ghost (weakling VSFi)
  2152 | D:3      | HP: 7/35 [kuniqs's ghost (8)]
  2498 | D:3      | Reached XP level 5. HP: 28/41 MP: 5/5
  2697 | D:4      | Noticed an ogre
  2700 | D:4      | Mangled by an ogre

Vault maps used:
D:1:      dpeg_arrival_rooms_a
D:2:      first_bread, grunt_decor_one_mirror, uniq_natasha
D:3:      minmay_parallelograms, uniq_terence, uniq_jessica
D:4:      serial_shops, kennysheep_mini_moat

Skill      XL: |  1  2  3  4 |
---------------+-------------+-----
Staves         | 3 |  3.9
Dodging        | 3 |  3.6
Fighting       | 3 |  3.4
Throwing       | |  1.7
Armour         | |  0.5

Action                   |  1- 3 |  4- 6 || total
-------------------------+-------+-------++-------
Melee: Quarterstaff      |    87 |    87 ||   174
       Kick              |       |    22 ||    22
 Stab: Sleeping          |     2 |       ||     2
  Eat: Bread ration      |     1 |       ||     1
       Chunk             |     1 |       ||     1
Armor: Leather armour    |    22 |    10 ||    32
       Chain mail        |       |    18 ||    18
Dodge: Dodged            |    62 |    36 ||    98

Table legend:
 A = Turns spent in this place as a percentage of turns spent in the entire game.
 B = Non-inter-level travel turns spent in this place as a percentage of non-inter-level travel turns spent in the entire game.
 C = Inter-level travel turns spent in this place as a percentage of turns spent in this place.
 D = Turns resting spent in this place as a percentage of non-inter-level travel turns spent in this place.
 E = Turns spent auto-exploring this place as a percentage of non-inter-level travel turns spent in this place.
 F = Non-inter-level travel turns spent in this place divided by the number of levels of this place that you've seen.
                   A       B       C       D       E      F
               +-------+-------+-------+-------+-------+----------------------
         Total | 100.0 | 100.0 |   0.4 |   0.9 |  11.6 | 255.0
       Dungeon | 100.0 | 100.0 |   0.4 |   0.9 |  11.6 | 255.0
               +-------+-------+-------+-------+-------+----------------------

Vault maps used:
D:1:      dpeg_arrival_rooms_a
D:2:      first_bread, grunt_decor_one_mirror, uniq_natasha
D:3:      minmay_parallelograms, uniq_terence, uniq_jessica
D:4:      serial_shops, kennysheep_mini_moat
